 Dungeon Crawl Stone Soup version 0.29.1-2-gbd0b4ee654 (webtiles) character file.

Game seed: 10413310929242214656

998 Linkola the Cudgeller (level 8, -14/105 HPs)
             Began as a Minotaur Fighter on Oct 26, 2022.
             Was an Initiate of Wu Jian.
             Demolished by a komodo dragon (22 damage)
             ... on level 6 of the Dungeon on Oct 27, 2022.
             The game lasted 00:14:36 (5638 turns).

Linkola the Cudgeller (Minotaur Fighter)            Turns: 5638, Time: 00:14:36

Health: -14/105    AC: 16    Str: 23    XL:     8   Next: 0%
Magic:  7/7        EV:  6    Int:  5    God:    Wu Jian [......]
Gold:   344        SH:  4    Dex: 10    Spells: 7/7 levels left

rFire   . . .      SeeInvis .   a - +1 flail
rCold   . . .      Faith    .   c - +0 buckler
rNeg    . . .      Spirit   .   e - +0 plate armour
rPois   .          Reflect  .   (helmet restricted)
rElec   .          Harm     .   k - +2 cloak
rCorr   .          Rampage  .   (no gloves)
Will    .....                   y - +0 pair of boots
Stlth   ..........              u - amulet of regeneration
HPRegen 1.07/turn               (no ring)
MPRegen 0.10/turn               (no ring)

@: mighty, berserking, very quick
A: horns 2, retaliatory headbutt
a: Renounce Religion


You were on level 6 of the Dungeon.
You worshipped Wu Jian.
Wu Jian was noncommittal.
You visited 1 branch of the dungeon, and saw 6 of its levels.

You collected 344 gold pieces.

Inventory:

Hand Weapons
 a - a +1 flail (weapon)
Missiles
 g - 10 poisoned darts
 i - 21 stones
 t - 6 boomerangs (quivered)
 w - 2 throwing nets
Armour
 c - a +0 buckler (worn)
 e - a +0 plate armour (worn)
 k - a +2 cloak (worn)
 y - a +0 pair of boots (worn)
Jewellery
 u - an amulet of regeneration (around neck)
Scrolls
 r - a scroll of magic mapping
 s - a scroll of enchant armour
 v - 4 scrolls of teleportation
 z - a scroll of blinking
Potions
 b - a potion of lignification {unknown}
 d - a potion of might
 f - 2 potions of cancellation
 j - 2 potions of invisibility
 m - a potion of resistance {unknown}
 n - a potion of brilliance {unknown}
 o - 3 potions of curing
 p - a potion of mutation {unknown}
 q - a potion of attraction {unknown}
 x - a potion of magic {unknown}
 A - a potion of haste {unknown}


   Skills:
 + Level 5.6 Fighting
 + Level 7.2 Maces & Flails
 * Level 4.3 Throwing
 + Level 5.3 Armour
 + Level 4.8 Shields


You had 7 spell levels left.
You didn't know any spells.
Your spell library contained the following spells:

 Spells                   Type           Power      Damage    Failure   Level
 Apportation              Tloc           0%         N/A       100%        1
 Necrotise                Necr           0%         1d4       100%        1
 Summon Small Mammal      Summ           0%         N/A       100%        1
 Vampiric Draining        Necr           0%         2d6       100%        3
 Animate Armour           Summ/Erth      0%         N/A       100%        4
 Agony                    Necr           0%         N/A       100%        5
 Blade Hands              Tmut           0%         N/A       100%        5
 Iron Shot                Conj/Erth      0%         9d1       100%        6


Dungeon Overview and Level Annotations

Branches:
Dungeon (6/15)             Temple (0/1) D:6

Altars:
Cheibriados
Elyvilon
Fedhas
Gozag
Kikubaaqudgha
Qazlal
Ru
Wu Jian
Xom

Shops:
D:4 **   D:6 !


Innate Abilities, Weirdness & Mutations

You have a pair of horns on your head.
You reflexively headbutt those who attack you in melee.


Message History

You sock the komodo dragon! Your headbutt misses the komodo dragon.
The komodo dragon is moderately wounded.
The komodo dragon bites you.
You hit the komodo dragon.
You headbutt the komodo dragon, but do no damage.
The komodo dragon is moderately wounded.
The komodo dragon bites you! The komodo dragon bites you!!
You closely miss the komodo dragon. You headbutt the komodo dragon.
The komodo dragon is heavily wounded.
The komodo dragon bites you!!
* * * LOW HITPOINT WARNING * * *
You hit the komodo dragon but do no damage.
You headbutt the komodo dragon.
The komodo dragon is heavily wounded.
The komodo dragon bites you!
* * * LOW HITPOINT WARNING * * *
You feel much better. The komodo dragon bites you!
You feel very mighty all of a sudden.
The komodo dragon bites you but does no damage.
You barely miss the komodo dragon. Your headbutt misses the komodo dragon.
The komodo dragon is heavily wounded.
The komodo dragon closely misses you.
You hit the komodo dragon.
The komodo dragon is severely wounded.
The komodo dragon hisses menacingly.
The komodo dragon bites you.
You sock the komodo dragon!
The komodo dragon is almost dead.
The komodo dragon bites you!
* * * LOW HITPOINT WARNING * * *
You barely miss the komodo dragon. Your headbutt misses the komodo dragon.
The komodo dragon is almost dead.
The komodo dragon bites you!
* * * LOW HITPOINT WARNING * * *
You closely miss the komodo dragon.
The komodo dragon is almost dead.
The komodo dragon barely misses you.
A red film seems to cover your vision as you go berserk!
You feel yourself moving faster!
You feel mighty! The komodo dragon bites you!!
You die...

### #.. #.# #.# #[# #.#
#.# #.# ... #.# #.#####
###.############.#...#
..............##l#.#.#####
#.............##@#........
#..................#.#.###
............>#.#†#.###
...>.∩.<.###.#.#.#...#
#........# #.#.###.#
##..####.....#.......#.#
##... ......#.......#.#
#######<#..........#.#
####### .#....#.###.#.#


You could see a komodo dragon.

Vanquished Creatures
  A water moccasin (D:6)
  A black bear (D:3)
  A sky beast (D:6)
  An ogre (D:5)
  A bullfrog (D:5)
  A jelly (D:5)
  An orc priest (D:3)
  A gnoll bouda (D:5)
  2 orc wizards
  3 iguanas
  A mummy (D:4)
  9 gnolls
  12 adders
  4 worms
  4 dart slugs
  10 orcs
  7 endoplasms
  5 giant cockroaches
  10 goblins
  6 hobgoblins
  11 jackals
  9 kobolds
  4 quokkas
  5 ball pythons
  7 bats
  4 frilled lizards
  10 rats
131 creatures vanquished.

Notes
Turn   | Place    | Note
-------+----------+-------------------------------------------
     0 | D:1      | Linkola the Minotaur Fighter began the quest for the Orb.
     0 | D:1      | Reached XP level 1. HP: 19/19 MP: 0/0
     1 | D:1      | Found a runed translucent door.
    35 | D:1      | Found a faded altar of an unknown god.
   294 | D:1      | Reached XP level 2. HP: 26/27 MP: 1/1
   894 | D:2      | Reached skill level 1 in Throwing
   948 | D:2      | Reached XP level 3. HP: 33/33 MP: 2/2
  1150 | D:2      | Reached skill level 3 in Maces & Flails
  1507 | D:2      | Found a white marble altar of Elyvilon.
  1583 | D:2      | Reached XP level 4. HP: 39/40 MP: 3/3
  2036 | D:2      | Reached skill level 4 in Maces & Flails
  2275 | D:3      | Reached XP level 5. HP: 47/47 MP: 4/4
  2324 | D:3      | Noticed a black bear
  2332 | D:3      | Killed a black bear
  2578 | D:3      | Reached skill level 5 in Maces & Flails
  2579 | D:3      | Reached XP level 6. HP: 52/53 MP: 5/5
  2727 | D:3      | Found a white marble altar of Elyvilon.
  3233 | D:4      | Found a snail-covered altar of Cheibriados.
  3453 | D:4      | Found Zissoick's Gadget Gallery.
  3470 | D:4      | Found Qirow's Assorted Antiques.
  3527 | D:4      | Found a shimmering altar of Xom.
  3559 | D:4      | Reached skill level 5 in Fighting
  3966 | D:5      | Entered Level 5 of the Dungeon
  4070 | D:5      | Reached skill level 6 in Maces & Flails
  4070 | D:5      | Reached XP level 7. HP: 36/61 MP: 6/6
  4856 | D:5      | Found a blossoming altar of Fedhas.
  4856 | D:5      | Found a sacrificial altar of Ru.
  4856 | D:5      | Found an opulent altar of Gozag.
  4856 | D:5      | Found a stormy altar of Qazlal.
  4862 | D:5      | Found an ornate altar of the Wu Jian Council.
  4862 | D:5      | Found an ancient bone altar of Kikubaaqudgha.
  4873 | D:5      | Became a worshipper of the Wu Jian Council
  5384 | D:6      | Found Taos's Distillery.
  5389 | D:6      | Reached skill level 5 in Armour
  5422 | D:6      | Found a staircase to the Ecumenical Temple.
  5433 | D:6      | Reached skill level 7 in Maces & Flails
  5621 | D:6      | Noticed a komodo dragon
  5623 | D:6      | Reached XP level 8. HP: 70/70 MP: 7/7
  5638 | D:6      | Demolished by a komodo dragon

Illustrated notes

Levels and vault maps discovered:
D:1:      dpeg_arrival_caged_fury, layout_loops_ring,
          chequers_ecumenical_altar_simple_redux
D:2:      minmay_razor_zed, layout_basic, basic_altar
D:3:      layout_loops_ring, mainiacjoe_overflow_boulevard
D:4:      layout_loops_cross, xom_butterflies, chei_slow_surprise, serial_shops,
          nicolae_shop_trees, nrook_campfire, nicolae_shop_gadgets
D:5:      mumra_celtic_spiral_tile, layout_loops_ring,
          minmay_overflow_temple_hex, hangedman_abyss_or_decor_stabs
D:6:      layout_basic, minmay_temple_entry_large_hall, serial_shops,
          nicolae_stop_n_shop_2, minivault_27, uniq_blork_the_orc

Skill      XL: |  1  2  3  4  5  6  7 |
---------------+----------------------+-----
Shields        | 4 |  4.8
Throwing       | 1 2 3 4 |  4.3
Maces & Flails | 3 4 5 6 7 |  7.2
Fighting       | 4 5 |  5.6
Armour         | 4 5 |  5.3

Action                   |  1- 3 |  4- 6 |  7- 9 || total
-------------------------+-------+-------+-------++-------
Melee: Flail             |    78 |   146 |    74 ||   298
       Headbutt          |    11 |    22 |    12 ||    45
Throw: Stone             |    26 |    27 |     3 ||    56
       Boomerang         |       |       |    18 ||    18
Invok: Lunge             |       |       |     1 ||     1
  Use: Scroll            |     4 |     7 |     1 ||    12
       Potion            |       |       |     3 ||     3
Armor: Scale mail        |     6 |       |       ||     6
       Plate armour      |    50 |    80 |    41 ||   171
Dodge: Dodged            |    19 |    38 |    11 ||    68
Block: Buckler           |    19 |    28 |    10 ||    57
